[Event "Early-Titled-Tuesday-Blitz-September-12-2023"]
[Site "Chess.com"]
[Date "2023.09.12"]
[Round "7"]
[White "Sina_Movahed"]
[Black "farzadbfd"]
[Result "1-0"]
[WhiteElo "3040"]
[BlackElo "2698"]
[TimeControl "180+1"]
[EndTime "9:15:50 PDT"]
[Termination "Sina_Movahed won by resignation"]

1. e4 e5 2. Nf3 Nc6 3. Bb5 a6 4. Ba4 d6 5. O-O Nf6 6. d3 g6 7.
c3 Bg7 8. Re1 O-O 9. Nbd2 h6 10.
Nf1 Nh5 11. Ng3 Nxg3 12. hxg3 f5 13. exf5 Rxf5 14. d4 exd4 15. Nxd4 Nxd4 16. Re8+ Qxe8 17. Bxe8 Nc6 18. Bxg6 Rf6 19. Be4 Be6 20. Be3 Raf8 21. Qa4 d5 22. Bc2 Bd7 23. Rd1 Ne5 24. Qa5 c6 25.
Qc7 R6f7 26. Qd6 Nc4 27. Qg6 Bf5 28. Bxf5 Rxf5 29. Bxh6 R5f7 30. Bxg7 Rxg7 31. Qe6+ Rgf7 32. Rd4 1-0

[Event "Early-Titled-Tuesday-Blitz-September-12-2023"]
[Site "Chess.com"]
[Date "2023.09.12"]
[Round "7"]
[White "attack2mateU"]
[Black "GeorgiosSouleidis"]
[Result "1-0"]
[WhiteElo "2738"]
[BlackElo "2534"]
[TimeControl "180+1"]
[EndTime "9:15:51 PDT"]
[Termination "attack2mateU won by resignation"]

1. e4 c5 2. Nf3 e6 3. c3 d5 4.
exd5 exd5 5. d4 Nf6 6. Bb5+ Bd7 7. Bxd7+ Nbxd7 8. O-O Be7 9. dxc5 Nxc5 10. Be3 O-O 11. Nbd2 Rc8 12. Nb3 b6 13. Nbd4 Nfe4 14. Nf5 Bf6 15.
Bd4 Re8 16. Bxf6 Qxf6 17. Ne3 Rcd8 18. Nxd5 Qe6 19. c4 b5 20. Qc2 Qc6 21. Rad1 bxc4 22. Ne7+ 1-0

[Event "Early-Titled-Tuesday-Blitz-September-12-2023"]
[Site "Chess.com"]
[Date "2023.09.12"]
[Round "7"]
[White "DeArron_Fox"]
[Black "DefiantChair"]
[Result "0-1"]
[WhiteElo "2496"]
[BlackElo "2676"]
[TimeControl "180+1"]
[EndTime "9:15:58 PDT"]
[Termination "DefiantChair won by checkmate"]

1. d4 Nf6 2. c4 e6 3. Nf3 d5 4.
Nc3 Bb4 5. Qa4+ Nc6 6. e3 O-O 7. Qc2 Re8 8. Bd2 a6 9. a3 Bf8 10. Bd3 dxc4 11. Bxc4 b5 12. Bd3 Bb7 13. O-O e5 14.
Ne4 exd4 15. Nxf6+ Qxf6 16. Bxh7+ Kh8 17. Be4 dxe3 18.
Bc3 Qh6 19. Bf5 Ne7 20. fxe3 Nxf5 21. Qxf5 Bd6 22. h3 Qxe3+ 23. Kh1 Qf4 24. Qh5+ Kg8 25.
Ng5 Qh2# 0-1

[Event "Early-Titled-Tuesday-Blitz-September-12-2023"]
[Site "Chess.com"]
[Date "2023.09.12"]
[Round "7"]
[White "Rakitic2010"]
[Black "GlavkonVVS"]
[Result "0-1"]
[WhiteElo "2403"]
[BlackElo "2568"]
[TimeControl "180+1"]
[EndTime "9:16:19 PDT"]
[Termination "GlavkonVVS won by checkmate"]

1. e4 Nf6 2. Nc3 d5 3. exd5 Nxd5 4. Bc4 Nb6 5. Bb3 c5 6. d3 Nc6 7. Nf3 Bf5 8. O-O e6 9. Bf4 Be7 10. Ne4 c4 11. dxc4 Qxd1 12. Ng3 Qd8 13. Rad1 Qc8 14.
c5 Bxc5 15. Nxf5 exf5 16. Rfe1+ Be7 17. Bd6 O-O 18. Bxe7 Nxe7 19. Rxe7 Nc4 20. Rd4 b5 21. a4 a6 22. h4 Qc5 23. Rdd7 Rad8 24. Rc7 Qb4 25.
Ng5 Rd1+ 26. Kh2 Qd6+ 27. g3 Qd2 28. Kg2 Re1 29. Red7 Qe2 30. Nxf7 Qf1+ 31. Kf3 Rxf7 32. Rxf7 Qh1+ 33. Kf4 Qe4+ 34. Kg5 Qg4# 0-1

[Event "Early-Titled-Tuesday-Blitz-September-12-2023"]
[Site "Chess.com"]
[Date "2023.09.12"]
[Round "7"]
[White "MokshAD1603"]
[Black "Gareth-Bale11"]
[Result "0-1"]
[WhiteElo "2586"]
[BlackElo "2779"]
[TimeControl "180+1"]
[EndTime "9:16:20 PDT"]
[Termination "Gareth-Bale11 won by resignation"]

1. c4 e5 2. Nc3 Nf6 3. Nf3 Nc6 4. g3 d5 5. cxd5 Nxd5 6. Bg2 Nb6 7. O-O Be7 8. b3 O-O 9. Bb2 Re8 10. Rc1 f6 11. d4 Nxd4 12. Nxd4 exd4 13. Nb5 c6 14. Nxd4 Bf8 15. b4 Qe7 16. a3 Qf7 17. Qc2 a5 18. b5 c5 19. Nb3 Be6 20. Nd2 a4 21. Rfd1 Kh8 22. Bc3 Bb3 23. Nxb3 axb3 24.
Qb2 c4 25. Bd4 Bxa3 26. Qc3 Bxc1 27. Rxc1 Na4 28. Qxc4 Qxc4 29. Rxc4 b2 30. Rb4 Nc3 0-1

[Event "Early-Titled-Tuesday-Blitz-September-12-2023"]
[Site "Chess.com"]
[Date "2023.09.12"]
[Round "7"]
[White "tetrix83"]
[Black "ChEsper99"]
[Result "1-0"]
[WhiteElo "2537"]
[BlackElo "2228"]
[TimeControl "180+1"]
[EndTime "9:16:20 PDT"]
[Termination "tetrix83 won by resignation"]

1. e4 c5 2. Nf3 d6 3. Bc4 e6 4.
O-O Nf6 5. Re1 Be7 6. Bb3 Nc6 7. c3 O-O 8. d4 cxd4 9. cxd4 d5 10. e5 Ne4 11. Nbd2 Nxd2 12. Bxd2 Bd7 13. Bc2 Rc8 14. Rc1 Nb4 15. Bb1 Bb5 16. Qb3 Bc4 17. Qe3 Bxa2 18.
Bxb4 Bxb4 19. Bxa2 Bxe1 20. Rxe1 Qa5 21. Bb1 g6 22. h4 Kg7 23. Qf4 Qd8 24. h5 Qe7 25. g3 Rc4 26. Kg2 Rfc8 27. Rh1 Rc1 28. Rxc1 1-0

[Event "Early-Titled-Tuesday-Blitz-September-12-2023"]
[Site "Chess.com"]
[Date "2023.09.12"]
[Round "7"]
[White "MateusViageiro"]
[Black "Dr_crypt"]
[Result "0-1"]
[WhiteElo "2138"]
[BlackElo "2410"]
[TimeControl "180+1"]
[EndTime "9:16:20 PDT"]
[Termination "Dr_crypt won by resignation"]

1. e4 d5 2. exd5 Qxd5 3. Nc3 Qd6 4. Nf3 c6 5. Bc4 Bf5 6. O-O e6 7. Re1 Nd7 8. d3 Ngf6 9. Nh4 Bg4 10. f3 Bh5 11.
Be3 Qc7 12. Qd2 Bd6 13. g4 Bg6 14. Qg2 O-O-O 15. a4 Bc5 16. d4 Bb4 17. Reb1 Nd5 18. Bxd5 exd5 19. Na2 Bd6 20. b4 Rde8 21. Bd2 Nb6 22.
b5 Nc4 23. Bc1 c5 24. Nc3 cxd4 25. Nxd5 Qc5 26. f4 Re1+ 27. Kf2 Be4 0-1

[Event "Early-Titled-Tuesday-Blitz-September-12-2023"]
[Site "Chess.com"]
[Date "2023.09.12"]
[Round "7"]
[White "Khromkin"]
[Black "MikeSailer"]
[Result "1-0"]
[WhiteElo "2431"]
[BlackElo "2176"]
[TimeControl "180+1"]
[EndTime "9:16:25 PDT"]
[Termination "Khromkin won on time"]

1. d4 d5 2. c4 Bf5 3. cxd5 Bxb1 4. Qa4+ Qd7 5. Qxd7+ Nxd7 6. Rxb1 Ngf6 7. f3 Nxd5 8. a3 e5 9. e4 N5b6 10. d5 Bc5 11. b4 Bxg1 12. Rxg1 a6 13. Be3 Na4 14. Rc1 O-O-O 15. b5 axb5 16. Bxb5 Ndb6 17. Ke2 Rd6 18. Rc2 Kb8 19. Rb1 Rg6 20. g3 h5 21. Rb4 1-0

[Event "Early-Titled-Tuesday-Blitz-September-12-2023"]
[Site "Chess.com"]
[Date "2023.09.12"]
[Round "7"]
[White "FeketeBarika"]
[Black "Iskusnyh"]
[Result "0-1"]
[WhiteElo "2389"]
[BlackElo "2630"]
[TimeControl "180+1"]
[EndTime "9:16:26 PDT"]
[Termination "Iskusnyh won by resignation"]

1. Nf3 d5 2. g3 Nf6 3. Bg2 c6 4. c4 Bf5 5. cxd5 cxd5 6. Qb3 Nc6 7. d4 a6 8. Nc3 e6 9. O-O Na5 10. Qd1 Be7 11. Ne5 O-O 12. b3 Rc8 13. Bd2 Nc6 14.
e3 Nxe5 15. dxe5 Nd7 16. f4 Nc5 17. Kh1 b5 18. Ne2 Be4 19. Nd4 Bxg2+ 20. Kxg2 Ne4 21. Rc1 Bc5 22. Ne2 Qb6 23. Rf3 Ba3 24.
Rc2 Qb7 25. Nc3 Nxd2 26. Qxd2 Bb4 27. Qd4 Ba5 28. Qd3 Qc6 29. Rff2 Bxc3 30. b4 d4+ 0-1

[Event "Early-Titled-Tuesday-Blitz-September-12-2023"]
[Site "Chess.com"]
[Date "2023.09.12"]
[Round "7"]
[White "Alexandr_Predke"]
[Black "JiaHaoxiang"]
[Result "1-0"]
[WhiteElo "2896"]
[BlackElo "2601"]
[TimeControl "180+1"]
[EndTime "9:16:27 PDT"]
[Termination "Alexandr_Predke won by resignation"]

1. Nf3 d5 2. g3 Nf6 3. Bg2 c6 4. O-O Bf5 5. c4 e6 6. Qb3 Qb6 7. d3 Nbd7 8. cxd5 exd5 9. Qc2 Be7 10. Nc3 O-O 11. e4 dxe4 12. dxe4 Bg6 13. Nh4 Rad8 14. Be3 Qa6 15. Rad1 Ne5 16. h3 Bh5 17. Nf5 Bb4 18.
Rd4 Bxc3 19. Qxc3 Rde8 20. f4 c5 21. Rd6 Nc6 22. Rxf6 1-0

[Event "Early-Titled-Tuesday-Blitz-September-12-2023"]
[Site "Chess.com"]
[Date "2023.09.12"]
[Round "7"]
[White "ajedrezhoy"]
[Black "ElenaPershina"]
[Result "1-0"]
[WhiteElo "2395"]
[BlackElo "2257"]
[TimeControl "180+1"]
[EndTime "9:16:29 PDT"]
[Termination "ajedrezhoy won by resignation"]

1. c4 c6 2. Nf3 d5 3. e3 Nf6 4. Nc3 Bg4 5. cxd5 cxd5 6. Qb3 Bc8 7. Bb5+ Nc6 8. O-O e6 9. d4 Bd6 10. Bxc6+ bxc6 11. Na4 O-O 12. Bd2 Rb8 13. Qc2 Ne4 14. Rfc1 Bd7 15. Nc5 Nxc5 16. dxc5 Bc7 17. b4 e5 18. e4 d4 19. Ne1 f5 20. f3 fxe4 21. fxe4 Qh4 22. Nf3 Qh5 23. Qc4+ Kh8 24. Rf1 Bg4 25.
Ng5 Be2 26. Nf7+ Rxf7 27. Qxf7 1-0

[Event "Early-Titled-Tuesday-Blitz-September-12-2023"]
[Site "Chess.com"]
[Date "2023.09.12"]
[Round "7"]
[White "Mariia89"]
[Black "CraiggoryC"]
[Result "0-1"]
[WhiteElo "1989"]
[BlackElo "2231"]
[TimeControl "180+1"]
[EndTime "9:16:30 PDT"]
[Termination "CraiggoryC won by resignation"]

1. d4 e6 2. Nf3 Nf6 3. Bg5 Be7 4. e3 b6 5. Bd3 Bb7 6. c3 c5 7. Nbd2 cxd4 8. exd4 h6 9. Bh4 O-O 10. Qe2 Nd5 11.
Bg3 d6 12. Kf1 Nc6 13. Qe4 Nf6 14. Qe2 a6 15. h3 b5 16. a3 Na5 17. Bf4 Rc8 18.
g4 Nd5 19. Be3 Nc4 20. Nxc4 bxc4 21. Bxc4 Nxe3+ 22. fxe3 Bxf3 23. Qxf3 Rxc4 24. Kg2 Qa8 25. Rhf1 Qxf3+ 26. Rxf3 Rb8 27. Rf2 Rc7 28. Rb1 Rxc3 0-1

[Event "Early-Titled-Tuesday-Blitz-September-12-2023"]
[Site "Chess.com"]
[Date "2023.09.12"]
[Round "7"]
[White "DrDreBeats"]
[Black "Let_it_be_1"]
[Result "1-0"]
[WhiteElo "2543"]
[BlackElo "2652"]
[TimeControl "180+1"]
[EndTime "9:16:35 PDT"]
[Termination "DrDreBeats won by resignation"]

1. e4 e6 2. d4 d5 3. exd5 exd5 4. c4 Nf6 5. Nc3 Be7 6. Bd3 O-O 7. Nf3 dxc4 8. Bxc4 Nbd7 9. O-O Nb6 10. Bb3 c6 11.
Re1 Nbd5 12. Ne5 Be6 13. Qf3 Re8 14. Bg5 h6 15. Be3 Qc8 16. Rac1 Nxc3 17. bxc3 Bxb3 18.
axb3 Qe6 19. c4 Nd7 20. Bf4 Bb4 21. Red1 Nxe5 22. Bxe5 Rad8 23. h3 Rd7 24. Qg3 f6 25. Bf4 Kh8 26. Rd3 Qf5 27. Bd2 Red8 28. Bxb4 Rxd4 29.
Rxd4 Rxd4 30. Re1 Rd3 31. Qb8+ Kh7 32. Qxb7 Rxb3 33. Qe7 a5 34. Bc5 Rc3 35. Re3 Rxc4 36. Rg3 1-0

[Event "Early-Titled-Tuesday-Blitz-September-12-2023"]
[Site "Chess.com"]
[Date "2023.09.12"]
[Round "7"]
[White "kidagent"]
[Black "Gazaman_Empire"]
[Result "1-0"]
[WhiteElo "2203"]
[BlackElo "1992"]
[TimeControl "180+1"]
[EndTime "9:16:37 PDT"]
[Termination "kidagent won on time"]

1. e4 c6 2. d4 d5 3. Nc3 dxe4 4. Nxe4 Nd7 5. Nf3 Ngf6 6. Ng3 e6 7. Bd3 c5 8. c3 b6 9. O-O Bb7 10. Bg5 Be7 11. Re1 O-O 12. Qe2 h6 13. Bf4 cxd4 14. cxd4 Rc8 15. Rad1 Nd5 16. Be5 N7f6 17. Bb1 Bb4 18.
Rf1 Nc7 19. a3 Bd6 20. Rfe1 Ba6 21. Qd2 Ncd5 22. Bxd6 1-0

[Event "Early-Titled-Tuesday-Blitz-September-12-2023"]
[Site "Chess.com"]
[Date "2023.09.12"]
[Round "7"]
[White "ChainedDowntohell"]
[Black "FuenfgegenWilly"]
[Result "0-1"]
[WhiteElo "2481"]
[BlackElo "2364"]
[TimeControl "180+1"]
[EndTime "9:16:39 PDT"]
[Termination "FuenfgegenWilly won by checkmate"]

1. b4 c6 2. Bb2 Qb6 3. a3 a5 4. c4 axb4 5. c5 Qc7 6. axb4 Rxa1 7. Bxa1 b6 8. d4 Na6 9. Qd2 Nf6 10. f3 d5 11. e3 e5 12. Bd3 e4 13. Be2 Be7 14.
b5 Nb8 15. Nh3 Bxh3 16. gxh3 bxc5 17. dxc5 Bxc5 18. Bxf6 gxf6 19. Qc3 Be7 20. O-O Rg8+ 21. Kh1 Qe5 22. bxc6 Qg5 23. Rf2 Qg1# 0-1

[Event "Early-Titled-Tuesday-Blitz-September-12-2023"]
[Site "Chess.com"]
[Date "2023.09.12"]
[Round "7"]
[White "falzehope0"]
[Black "inagreV"]
[Result "0-1"]
[WhiteElo "2428"]
[BlackElo "2274"]
[TimeControl "180+1"]
[EndTime "9:16:41 PDT"]
[Termination "inagreV won by resignation"]

1. d4 Nf6 2. e3 d5 3. Bd3 c5 4. c3 Nc6 5. f4 g6 6. Nf3 Bf5 7. O-O Bg7 8. Ne5 Bxd3 9. Qxd3 Qc7 10. Nd2 O-O 11. b3 cxd4 12. exd4 a6 13. Bb2 b5 14. Kh1 e6 15. Ba3 Rfc8 16. Bc5 Bf8 17. b4 Bxc5 18. bxc5 Kg7 19. a4 b4 20. cxb4 Nxb4 21. Qc3 a5 22. Rf3 Rab8 23. h3 h5 24. g4 hxg4 25. hxg4 Rh8+ 26. Kg2 Ne4 27. Nxe4 dxe4 28. Rf2 Nd5 29.
Qg3 e3 30. Rc2 Rb4 31. f5 Rxd4 32. fxe6 Nf4+ 33. Kg1 Qxe5 34. c6 Ne2+ 35. Rxe2 Qxg3+ 36. Rg2 Qf3 37. Rf1 Rd1 0-1

[Event "Early-Titled-Tuesday-Blitz-September-12-2023"]
[Site "Chess.com"]
[Date "2023.09.12"]
[Round "7"]
[White "supereagles1201"]
[Black "vladgoncharov"]
[Result "0-1"]
[WhiteElo "2389"]
[BlackElo "2551"]
[TimeControl "180+1"]
[EndTime "9:16:42 PDT"]
[Termination "vladgoncharov won by resignation"]

1. c4 Nf6 2. g3 c5 3. Bg2 Nc6 4.
Nf3 d6 5. O-O g6 6. Nc3 Bg7 7.
d4 cxd4 8. Nxd4 Bd7 9. Nc2 O-O 10.
e4 Qa5 11. h3 Rfc8 12. Bd2 Qd8 13. b3 a6 14. Qe2 Rab8 15. a4 Ne8 16. Rab1 Nc7 17.
b4 Ne6 18. Nd5 Ncd4 19. Nxd4 Nxd4 20. Qd3 Bxa4 21. Rfc1 b5 22. c5 dxc5 23. Rxc5 Rxc5 24. bxc5 Bc2 25. Qf1 Bxb1 26. Qxb1 e6 27. Bf4 Ne2+ 28. Kh2 Nxf4 29. Nxf4 Rc8 30. Nd3 Bf8 31. Nb4 Bxc5 32. Nxa6 Bxf2 33. Qxb5 Rc3 34. Qb8 Qxb8 35. Nxb8 Bxg3+ 36. Kg1 Bxb8 0-1

[Event "Early-Titled-Tuesday-Blitz-September-12-2023"]
[Site "Chess.com"]
[Date "2023.09.12"]
[Round "7"]
[White "djano"]
[Black "Zkid"]
[Result "0-1"]
[WhiteElo "2640"]
[BlackElo "2888"]
[TimeControl "180+1"]
[EndTime "9:16:45 PDT"]
[Termination "Zkid won by resignation"]

1. e4 e6 2. d4 d5 3. Bd3 dxe4 4. Bxe4 Nf6 5. Bf3 c5 6. Ne2 Nc6 7. Be3 cxd4 8. Nxd4 Ne5 9. Nc3 Be7 10. Qe2 Nxf3+ 11.
gxf3 Qa5 12. Rg1 Bb4 13. Bd2 Qb6 14. Qc4 Bd7 15. O-O-O Rc8 16. Qd3 Bxc3 17. Bxc3 Nd5 18. Nf5 Rxc3 19. bxc3 Qc5 20. Nxg7+ Kd8 21. c4 Nb6 22. Qd4 Qa3+ 23. Kb1 Kc8 24. c5 Nd5 25. Rd3 Qb4+ 26. Rb3 Qxd4 0-1

[Event "Early-Titled-Tuesday-Blitz-September-12-2023"]
[Site "Chess.com"]
[Date "2023.09.12"]
[Round "7"]
[White "schack_vit"]
[Black "Amirreza_p"]
[Result "1-0"]
[WhiteElo "2452"]
[BlackElo "2557"]
[TimeControl "180+1"]
[EndTime "9:16:45 PDT"]
[Termination "schack_vit won by resignation"]

1. c4 e6 2. g3 Nf6 3. Bg2 d5 4. d4 Bb4+ 5. Bd2 Be7 6. Nf3 O-O 7. O-O c6 8. b3 b6 9. Nc3 Ba6 10. Ne5 Qc8 11. Bg5 h6 12. Bxf6 Bxf6 13. cxd5 cxd5 14.
Rc1 Bxe5 15. dxe5 Qd7 16. f4 Nc6 17. Qd2 Rac8 18. Ne4 Bxe2 19. Nf6+ gxf6 20. Qxe2 fxe5 21. fxe5 Ne7 22. Rf6 Ng6 23. Re1 Rc3 24. Qd2 Qe7 25. Qxc3 1-0

[Event "Early-Titled-Tuesday-Blitz-September-12-2023"]
[Site "Chess.com"]
[Date "2023.09.12"]
[Round "7"]
[White "Maus7"]
[Black "tylityli"]
[Result "0-1"]
[WhiteElo "2468"]
[BlackElo "2315"]
[TimeControl "180+1"]
[EndTime "9:16:49 PDT"]
[Termination "tylityli won on time"]

1. e4 e5 2. Nf3 Nc6 3. Bb5 a6 4. Ba4 Nf6 5. O-O Be7 6. Re1 b5 7.
Bb3 d6 8. c3 O-O 9. h3 Nd7 10.
d4 Bf6 11. Be3 Na5 12. Bc2 Nc4 13. Bc1 c5 14. d5 g6 15. b3 Ncb6 16. Bh6 Bg7 17.
Bxg7 Kxg7 18. Nbd2 Nf6 19. a4 Bd7 20. a5 Nc8 21. c4 b4 22. g4 h5 23. Nh2 hxg4 24.
hxg4 Rh8 25. Ndf1 Rh4 26. f3 Qh8 27. Qe2 Ne7 28. Qg2 g5 29. Ng3 Ng6 30. Ne2 Qh6 31.
Nf1 Rh8 32. Ra2 Nf4 33. Nxf4 exf4 34. Bd3 Bc8 35. Rae2 Nd7 36. Bc2 Ne5 37. Rf2 Rh1+ 0-1

[Event "Early-Titled-Tuesday-Blitz-September-12-2023"]
[Site "Chess.com"]
[Date "2023.09.12"]
[Round "7"]
[White "fireheart92"]
[Black "OK97"]
[Result "1-0"]
[WhiteElo "2967"]
[BlackElo "2833"]
[TimeControl "180+1"]
[EndTime "9:16:51 PDT"]
[Termination "fireheart92 won by resignation"]

1. b3 e5 2. Bb2 Nc6 3. e3 d5 4.
Bb5 Bd6 5. f4 f6 6. Qh5+ g6 7. Qh4 exf4 8. Nc3 Be6 9. O-O-O Qe7 10.
Nge2 Qf7 11. Nd4 Bd7 12. Bxc6 bxc6 13. exf4 Ne7 14. g4 Bxf4 15. Rhf1 g5 16. Qf2 Bxg4 17. Rde1 O-O 18. Rg1 h5 19. h3 Bxh3 20. Qxf4 Ng6 21. Qh2 Bg4 22. Nxc6 Rae8 23. Ref1 Nf4 24. Rxf4 gxf4 25. Qxf4 Kh7 26. Nb4 Qe6 27. Kb1 Qb6 28. Rh1 d4 29. Ncd5 Qd6 30. Qxd4 c5 31. Qd3+ Kg8 32. Qg6+ 1-0

[Event "Early-Titled-Tuesday-Blitz-September-12-2023"]
[Site "Chess.com"]
[Date "2023.09.12"]
[Round "7"]
[White "h4parah5"]
[Black "viktorskliarov"]
[Result "1-0"]
[WhiteElo "2933"]
[BlackElo "2659"]
[TimeControl "180+1"]
[EndTime "9:16:51 PDT"]
[Termination "h4parah5 won on time"]

1. Nf3 g6 2. d4 Bg7 3. c4 Nf6 4.
Nc3 O-O 5. e4 d6 6. Be2 Bg4 7.
Be3 e5 8. d5 Bxf3 9. Bxf3 a5 10.
h4 Nbd7 11. h5 Nc5 12. g4 Nfd7 13. g5 f5 14. h6 Bh8 15. Rg1 fxe4 16. Nxe4 Nd3+ 17.
Qxd3 Rxf3 18. O-O-O b6 19. Nd2 e4 20. Qxe4 Rf7 21.
Nf3 Nc5 22. Qg4 Qf8 23. Nd4 Re8 24. Rge1 Re4 25. Qh3 Qe8 26. Nc2 Na4 27. Bd4 Bxd4 28. Rxe4 Qxe4 29. Rxd4 Qe2 30. f4 1-0

[Event "Early-Titled-Tuesday-Blitz-September-12-2023"]
[Site "Chess.com"]
[Date "2023.09.12"]
[Round "7"]
[White "Zurability"]
[Black "hellokostya"]
[Result "1-0"]
[WhiteElo "2800"]
[BlackElo "2605"]
[TimeControl "180+1"]
[EndTime "9:16:51 PDT"]
[Termination "Zurability won by resignation"]

1. b4 Nf6 2. Bb2 g6 3. c4 Bg7 4. Nf3 O-O 5. e3 a5 6. b5 d5 7. cxd5 Qxd5 8. Nc3 Qd8 9. d4 Bg4 10. Bc4 Nbd7 11. Be2 Nb6 12. h3 Be6 13. Rc1 Nfd5 14.
Ne4 h6 15. Nc5 Bc8 16. O-O Nd7 17. Nd3 b6 18. a4 Bb7 19. Ba3 Re8 20. Qc2 e5 21.
Ndxe5 Nxe5 22. Nxe5 Bxe5 23. dxe5 Rxe5 24. Bb2 Re8 25. Bf3 Qg5 26. e4 Nf6 27. Qc3 Re6 28.
Bg4 Bxe4 29. f4 1-0

[Event "Early-Titled-Tuesday-Blitz-September-12-2023"]
[Site "Chess.com"]
[Date "2023.09.12"]
[Round "7"]
[White "arenal72"]
[Black "InitiatingASC"]
[Result "1-0"]
[WhiteElo "2510"]
[BlackElo "2341"]
[TimeControl "180+1"]
[EndTime "9:16:51 PDT"]
[Termination "arenal72 won by resignation"]

1. Nf3 Nf6 2. c4 e6 3. g3 d5 4.
Bg2 Be7 5. O-O O-O 6. d4 c5 7. Nc3 Nc6 8. cxd5 exd5 9. dxc5 Bxc5 10. Bg5 Be7 11. e3 Bg4 12. h3 Be6 13. Nd4 Nxd4 14.
Qxd4 Qd7 15. Kh2 h6 16. Bf4 Rac8 17. Rfd1 Bc5 18. Qd2 Rfd8 19. Be5 Be7 20. Rac1 b5 21.
Bxf6 Bxf6 22. Nxd5 Rxc1 23. Qxc1 Bxd5 24. Rxd5 Qc8 25.
Rxd8+ Qxd8 26. b4 g6 27. Qc6 Kg7 28. Bd5 Be7 29. Qxb5 Qd6 30. a3 Qf6 31. Kg2 Qb2 32. Qd7 Qe5 33. e4 Kf6 34. Qxa7 1-0

[Event "Early-Titled-Tuesday-Blitz-September-12-2023"]
[Site "Chess.com"]
[Date "2023.09.12"]
[Round "7"]
[White "KVAIDAN"]
[Black "MANOJ_MISHRA123"]
[Result "0-1"]
[WhiteElo "2278"]
[BlackElo "2225"]
[TimeControl "180+1"]
[EndTime "9:16:51 PDT"]
[Termination "MANOJ_MISHRA123 won by checkmate"]

1. f4 d5 2. Nf3 g6 3. e3 Bg4 4.
Be2 Bg7 5. O-O Nf6 6. d3 Nbd7 7.
Ne5 Bxe2 8. Qxe2 O-O 9. Nd2 Nxe5 10. fxe5 Nd7 11. d4 c5 12. c4 cxd4 13. exd4 dxc4 14.
Nxc4 Nb6 15. Nxb6 Qxb6 16. Be3 Qc6 17. Rac1 Qd7 18. b4 Rac8 19. Rc4 Rxc4 20. Qxc4 b5 21. Qb3 e6 22. Rc1 Rc8 23. Rc5 Bf8 24. Rc3 Rxc3 25. Qxc3 Qd5 26. a3 Qa2 27. h3 h5 28. Bg5 Qb1+ 29.
Kh2 Qf5 30. Bf6 Qf4+ 31. Kg1 h4 32. Qd3 a6 33. Bd8 Bh6 34. Bb6 Qc1+ 35. Kf2 Bf4 36.
Kf3 Bg3 37. Qe3 Qf1+ 38. Kg4 Qf5# 0-1

[Event "Early-Titled-Tuesday-Blitz-September-12-2023"]
[Site "Chess.com"]
[Date "2023.09.12"]
[Round "7"]
[White "karinachess1"]
[Black "baki83"]
[Result "0-1"]
[WhiteElo "2608"]
[BlackElo "2810"]
[TimeControl "180+1"]
[EndTime "9:16:53 PDT"]
[Termination "baki83 won by resignation"]

1. d4 d5 2. c4 e6 3. Nc3 Be7 4.
cxd5 exd5 5. Bf4 c6 6. e3 Bf5 7. Bd3 Bg6 8. Nge2 Nd7 9. O-O Ngf6 10. h3 O-O 11. Rb1 a5 12. a3 Re8 13. Bxg6 hxg6 14. Qd3 a4 15. Rbe1 Nb6 16. Nd1 Nc4 17. Nec3 Bd6 18.
Bxd6 Nxd6 19. Qc2 b5 20. Na2 Nc4 21. Nb4 Qd6 22. Nd3 Ne4 23. Re2 g5 24. Nc3 Nf6 25.
Nc5 g6 26. Rfe1 Kg7 27. Rd1 g4 28. hxg4 Nxg4 29. g3 Ngxe3 30. Qd3 Nxd1 31. Nxd1 Rxe2 32. Qxe2 Qf6 33. Qd3 Re8 34. Kg2 Re1 35. Nd7 Qe6 36. Nc5 Qf5 0-1

[Event "Early-Titled-Tuesday-Blitz-September-12-2023"]
[Site "Chess.com"]
[Date "2023.09.12"]
[Round "7"]
[White "Irishchessman16"]
[Black "IwkooO"]
[Result "0-1"]
[WhiteElo "2485"]
[BlackElo "2641"]
[TimeControl "180+1"]
[EndTime "9:16:53 PDT"]
[Termination "IwkooO won by resignation"]

1. d4 e6 2. Bf4 b6 3. e4 Bb7 4. f3 d6 5. Nc3 g6 6. Qd2 Bg7 7. O-O-O h6 8. h4 Ne7 9. Bb5+ Nd7 10. Nge2 a6 11. Bd3 b5 12. a3 e5 13. Be3 c5 14.
dxc5 Nxc5 15. Bxb5+ axb5 16. Nxb5 O-O 17. Nxd6 Qc7 18.
Bxc5 Ba6 19. Bb4 Rfd8 20. Nc3 Nc6 21. Nd5 Qb8 22. Ne3 Bf8 23. Bc5 Nd4 24. Bxd4 exd4 25.
Nd5 Rxd6 26. Qxd4 Bg7 27. Qb4 Qxb4 28. Nxb4 Rb6 29. c3 Bc4 30. Rd7 Be6 31. Rd2 Be5 32. Kc2 Bf4 33. Re2 Bc4 34. Ree1 Rd6 35. Rd1 Rad8 36. b3 Bxb3+ 37. Kxb3 Rxd1 0-1

[Event "Early-Titled-Tuesday-Blitz-September-12-2023"]
[Site "Chess.com"]
[Date "2023.09.12"]
[Round "7"]
[White "valemava"]
[Black "NowInChess"]
[Result "1-0"]
[WhiteElo "2300"]
[BlackElo "2246"]
[TimeControl "180+1"]
[EndTime "9:17:01 PDT"]
[Termination "valemava won on time"]

1. c4 e5 2. a3 g6 3. b4 Bg7 4. Bb2 d6 5. Nf3 f5 6. e3 Nf6 7. d4 O-O 8. dxe5 Ng4 9. Qb3 Nxe5 10. Nbd2 Be6 11. Nd4 Bf7 12. Qc2 Nbc6 13. b5 Nxd4 14.
Bxd4 Qe7 15. Be2 a5 16. O-O b6 17. f4 Nd7 18. Bf3 Rae8 19. Rae1 Bxd4 20. exd4 Qxe1 21.
Rxe1 Rxe1+ 22. Kf2 Rfe8 23. Bc6 R8e2+ 24. Kg3 Nf6 25. Bf3 Ne4+ 26. Bxe4 fxe4 27. c5 e3 28. cxb6 cxb6 29. Qc8+ Kg7 30. Nf3 Rf1 31. d5 Rff2 32.
Qc3+ Kf8 33. Qh8+ Ke7 34. Qxh7 Rxg2+ 35. Kh3 Ref2 36. Qh4+ Ke8 37. Qg4 Ke7 38. Qg5+ Kf8 39. Qd8+ Kg7 40. Qxd6 e2 41. Qe5+ Kg8 42. Ng5 Rxg5 43.
fxg5 Rf3+ 44. Kg4 Rf2 45. Kg3 1-0

[Event "Early-Titled-Tuesday-Blitz-September-12-2023"]
[Site "Chess.com"]
[Date "2023.09.12"]
[Round "7"]
[White "Abund"]
[Black "whiteglovethief"]
[Result "1-0"]
[WhiteElo "2748"]
[BlackElo "2550"]
[TimeControl "180+1"]
[EndTime "9:17:02 PDT"]
[Termination "Abund won by resignation"]

1. e4 e6 2. d4 d5 3. Nd2 c5 4.
Ngf3 cxd4 5. Nxd4 Nc6 6. Bb5 Bd7 7. Nxc6 Bxc6 8. Bxc6+ bxc6 9. c4 Nf6 10. Qa4 Qd7 11. O-O Nxe4 12. Nxe4 dxe4 13. Rd1 Qb7 14. Be3 Be7 15. c5 O-O 16. Qxe4 Qxb2 17. Qxc6 Rac8 18. Qd7 Bxc5 19. Rac1 Qb6 20. h3 g6 21. Rxc5 Rxc5 22.
Qe7 Rc7 23. Qf6 Qc6 24. Bh6 Qc3 25. Rd4 Qxd4 26. Qxd4 f6 27. Bxf8 1-0

[Event "Early-Titled-Tuesday-Blitz-September-12-2023"]
[Site "Chess.com"]
[Date "2023.09.12"]
[Round "7"]
[White "The_Princess_Moon"]
[Black "Ready4abattle"]
[Result "1-0"]
[WhiteElo "2265"]
[BlackElo "2306"]
[TimeControl "180+1"]
[EndTime "9:17:02 PDT"]
[Termination "The_Princess_Moon won by checkmate"]

1. e4 c5 2. Nf3 Nc6 3. Bb5 e6 4. Bxc6 bxc6 5. O-O Ne7 6. Re1 Ng6 7. c3 d6 8. d4 cxd4 9. cxd4 Be7 10. Qc2 Qd7 11.
Nc3 O-O 12. Bg5 Rb8 13. Bxe7 Qxe7 14. e5 dxe5 15. dxe5 Nf4 16. Ne4 Nd5 17. Nfg5 g6 18. Rad1 h6 19. Nf3 Kg7 20. b3 Rb6 21. Nd4 Bb7 22. Nc5 Rd8 23. a3 Qh4 24. Re4 Qe7 25.
Rde1 Kh7 26. h4 Ba8 27. h5 Rf8 28. Rg4 Rg8 29. hxg6+ fxg6 30. Ndxe6 Qf7 31. Rh4 Qe7 32. Rh3 Bb7 33. Qd3 Bc8 34. Rxh6+ Kxh6 35. Qh3+ Qh4 36. Qxh4# 1-0